 Dungeon Crawl Stone Soup version 0.21-a0-113-g6841d05 (webtiles) character file.

168 graki42 the Digger (level 5, -3/28 HPs)
             Began as a Deep Elf Earth Elementalist on July 12, 2017.
             Slain by a big kobold
             ... wielding a +1 dagger of venom
              (5 damage)
             ... on level 3 of the Dungeon.
             The game lasted 00:07:53 (2248 turns).

graki42 the Digger (Deep Elf Earth Elementalist)    Turns: 2248, Time: 00:07:54

Health: -3/28      AC:  3    Str:  6    XL:     5   Next: 23%
Magic:  2/14       EV: 13    Int: 20    God:
Gold:   109        SH:  0    Dex: 15    Spells: 10/14 levels left

rFire    . . .     SeeInvis .   a - +2 whip (flame)
rCold    . . .     Gourm    .   (no shield)
rNeg     . . .     Faith    .   c - +0 robe
rPois    .         Spirit   .   (no helmet)
rElec    .         Reflect  .   (no cloak)
rCorr    .         Harm     .   (no gloves)
MR       .....                  j - +0 pair of boots
Stlth    ++........             (no amulet)
HPRegen  0.09/turn              (no ring)
MPRegen  0.14/turn              (no ring)

@: lethally poisoned (-3 -> -21)
A: no striking features
a: no special abilities


You were on level 3 of the Dungeon.
You were not hungry.

You visited 1 branch of the dungeon, and saw 3 of its levels.

You collected 109 gold pieces.

Inventory:

Hand Weapons
 a - a +2 whip of flaming (weapon)
Armour
 c - a +0 robe (worn)
 j - a +0 pair of boots (worn)
Jewellery
 o - an uncursed ring of ice
Scrolls
 g - a scroll of teleportation
 l - a scroll of identify
 m - 3 scrolls of remove curse
Potions
 i - a potion of curing
 k - a potion of magic
 n - a potion of invisibility {unknown}
 p - a potion of agility
 q - a potion of might {unknown}
Books
 e - a book of Geomancy

   Spells                             Type                      Level
   a - Sandblast                      Earth                        1
   b - Passwall                       Transmutation/Earth          2
   c - Stone Arrow                    Conjuration/Earth            3
   d - Petrify                        Transmutation/Earth          4
   e - Lee's Rapid Deconstruction     Earth                        5
Comestibles
 d - 2 bread rations
 f - 3 meat rations
 h - a royal jelly
 r - a chunk of flesh


   Skills:
 + Level 2.8 Dodging
 + Level 2.6 Stealth
 + Level 5.0 Spellcasting
 + Level 0.7 Conjurations
   Level 1.1 Transmutations
 + Level 5.2 Earth Magic


You had 10 spell levels left.
You knew the following spells:

 Your Spells              Type           Power        Failure   Level  Hunger
a - Sandblast             Erth           ####..       1%          1    None
b - Stone Arrow           Conj/Erth      ###...       10%         3    ##.....


Dungeon Overview and Level Annotations

Branches:
Dungeon (3/15)

Altars:


Message History

Confirm with . or Enter, or press ? or * to list all spells.
Okay, then.
You hit the big kobold. You burn the big kobold.
The big kobold is moderately wounded.
You feel sick.
The big kobold hits you with a dagger of venom!
* * * LOW HITPOINT WARNING * * *
You hit the big kobold but do no damage.
The big kobold is moderately wounded.
* * * LOW HITPOINT WARNING * * *
You feel sick.
The big kobold hits you with a dagger of venom.
* * * LOW HITPOINT WARNING * * *
You are more poisoned.
You hit the big kobold but do no damage.
The big kobold is moderately wounded.
* * * LOW HITPOINT WARNING * * *
You feel sick.
The big kobold hits you with a dagger of venom.
You die...

###.########### #.
#......).......
#.####....##########
####≈≈≈.......#
≈≈≈≈≈≈≈≈#...## ####
≈≈≈≈≈≈≈≈#.##
.....###≈≈≈####.#
.......#####....#
#).)))@))...#
###..K..###.#
####### #.# #.# #.#
#$# ..


You could see a big kobold.

Vanquished Creatures
  Natasha (D:3)
  3 gnolls (D:3)
  3 adders (D:2)
  2 oozes
  2 worms (D:2)
  3 dart slugs
  A leopard gecko (D:2)
  4 giant cockroaches
  6 goblins
  9 hobgoblins
  2 quokkas (D:2)
  11 bats
  5 frilled lizards
  13 kobolds
  4 rats
69 creatures vanquished.

Notes
Turn   | Place    | Note
-------+----------+-------------------------------------------
     0 | D:1      | graki42 the Deep Elf Earth Elementalist began the quest for the Orb.
     0 | D:1      | Reached XP level 1. HP: 10/10 MP: 6/6
   149 | D:1      | Reached XP level 2. HP: 15/15 MP: 2/8
   527 | D:1      | Reached XP level 3. HP: 19/19 MP: 7/9
   604 | D:1      | Learned a level 3 spell: Stone Arrow
   924 | D:2      | Found a faded altar of an unknown god.
  1196 | D:2      | Reached XP level 4. HP: 24/24 MP: 10/12
  1771 | D:3      | Reached skill level 5 in Earth Magic
  2147 | D:3      | Noticed Natasha
  2149 | D:3      | Killed Natasha
  2149 | D:3      | Reached skill level 5 in Spellcasting
  2149 | D:3      | Reached XP level 5. HP: 28/28 MP: 6/14
  2248 | D:3      | Slain by a big kobold

Vault maps used:
D:1:      scummos_arrival_forest, st_stairs_5
D:2:      chequers_ecumenical_altar_simple_redux, kennysheep_generic_room_5
D:3:      cheibrodos_thug_alley, makhleb_altar_promises_db, uniq_natasha,
          uniq_sigmund

Skill      XL: |  1  2  3  4 |
---------------+-------------+-----
Earth Magic    | 4 5 |  5.2
Spellcasting   | 4 5 |  5.0
Dodging        | |  2.8
Stealth        | |  2.6
Conjurations   | |  0.7
Transmutations | |  1.1

Action                   |  1- 3 |  4- 6 || total
-------------------------+-------+-------++-------
Melee: Whip              |     9 |    20 ||    29
 Cast: Sandblast         |    50 |    31 ||    81
       Stone Arrow       |     7 |    11 ||    18
  Use: Scroll            |       |     7 ||     7
  Eat: Chunk             |     1 |     4 ||     5
Armor: Robe              |     7 |     3 ||    10
Dodge: Dodged            |    15 |    19 ||    34
